 Dungeon Crawl Stone Soup version 0.21.1-1-g345015f (webtiles) character file.

501 Shenanicrawl the Ducker (level 7, -9/55 HPs)
             Began as a Merfolk Ice Elementalist on Feb 20, 2018.
             Was an Initiate of Makhleb.
             Mangled by an ogre
             ... wielding a +0 giant club
              (23 damage)
             ... on level 5 of the Dungeon.
             The game lasted 00:25:31 (5231 turns).

Shenanicrawl the Ducker (Merfolk Ice Elementalist)  Turns: 5231, Time: 00:25:31

Health: -9/55      AC:  2    Str:  8    XL:     7   Next: 17%
Magic:  6/11       EV: 15    Int: 14    God:    Makhleb [......]
Gold:   237        SH:  0    Dex: 17    Spells: 9/12 levels left

rFire    . . .     SeeInvis .   t - +2 flail (protect)
rCold    . . .     Gourm    .   (no shield)
rNeg     . . .     Faith    .   i - +0 robe {MR+}
rPois    .         Spirit   .   (no helmet)
rElec    .         Reflect  .   (no cloak)
rCorr    .         Harm     .   (no gloves)
MR       +....                  (no boots)
Stlth    +++.......             (no amulet)
HPRegen  0.18/turn              k - ring of flight
MPRegen  0.12/turn              (no ring)

@: no status effects
A: change form in water, swift swim, stealthy swim
a: Renounce Religion, Evoke Flight


You were on level 5 of the Dungeon.
You worshipped Makhleb.
Makhleb was noncommittal.
You were not hungry.

You visited 2 branches of the dungeon, and saw 6 of its levels.

You collected 237 gold pieces.

Inventory:

Hand Weapons
 t - a +2 flail of protection (weapon)
Armour
 i - a +0 robe of magic resistance (worn)
Magical Staves
 v - an uncursed staff of summoning {unknown}
Jewellery
 k - a ring of flight (left hand)
Wands
 r - a wand of disintegration (6)
 s - a wand of digging (13)
 u - a wand of scattershot (9)
 y - a wand of paralysis (10)
Scrolls
 d - a scroll of amnesia {unknown}
 e - a scroll of identify {unknown}
 g - a scroll of enchant weapon
 j - a scroll of fog {unknown}
 l - 2 scrolls of remove curse
 x - 2 scrolls of teleportation {unknown}
 z - a scroll of immolation {unknown}
Potions
 f - a potion of lignification {unknown}
 h - a potion of heal wounds {unknown}
 m - 2 potions of flight
 n - a potion of cancellation
 o - a potion of brilliance {unknown}
 p - a potion of magic
 w - a potion of mutation {unknown}
Books
 b - a book of Frost

   Spells                             Type                      Level
   a - Freeze                         Ice                          1
   b - Throw Frost                    Conjuration/Ice              2
   c - Ozocubu's Armour               Charms/Ice                   3
   d - Throw Icicle                   Conjuration/Ice              4
   e - Summon Ice Beast               Ice/Summoning                4
 q - a book of Cantrips

   Spells                             Type                      Level
   a - Confusing Touch                Hexes                        1
   b - Animate Skeleton               Necromancy                   1
   c - Summon Small Mammal            Summoning                    1
   d - Apportation                    Translocation                1
Comestibles
 a - a chunk of flesh
 c - 4 rations


   Skills:
 * Level 4.4 Fighting
 + Level 4.6 Dodging
 + Level 4.3 Stealth
 + Level 3.2 Spellcasting
 - Level 0.7 Conjurations
 + Level 4.5 Ice Magic


You had 9 spell levels left.
You knew the following spells:

 Your Spells              Type           Power        Failure   Level  Hunger
a - Freeze                Ice            ##..         3%          1    #......
b - Throw Frost           Conj/Ice       #.....       11%         2    ##.....


Dungeon Overview and Level Annotations

Branches:
Dungeon (5/15)             Temple (1/1) D:5

Altars:
Ashenzari
Cheibriados
Dithmenos
Elyvilon
Hepliaklqana
Makhleb
Nemelex Xobeh
Okawaru
Qazlal
Ru
Sif Muna
Trog
Uskayaw
Vehumet
Wu Jian
Xom
Yredelemnul
Zin
The Shining One

Annotations:
D:4 xccam's ghost, novice MiMo
D:5 appiemonkey's ghost, novice SpVM


Message History

You freeze the ogre.
The ogre is severely wounded.
The ogre hits you with a giant club!!
* * * LOW HITPOINT WARNING * * *
Casting: Freeze
Confirm with . or Enter, or press ? or * to list all spells.
Aiming: Freeze
Press: ? - help, Shift-Dir - straight line, f/p - ogre
Aim: an ogre, wielding a giant club (severely wounded)
You freeze the ogre.
The ogre is almost dead.
Casting: Freeze
Confirm with . or Enter, or press ? or * to list all spells.
Aiming: Freeze
Press: ? - help, Shift-Dir - straight line, f/p - ogre
Aim: an ogre, wielding a giant club (almost dead)
You freeze the ogre.
The ogre is almost dead.
The ogre hits you with a giant club!!
You die...

#..#.#
#P.>P..#..<#.##.#
#.... #..#.#
#.P..P.#.###.##...
..... #....#
#......#...#.######
####. .#...#
####.#.###.#.#
.###.#
#...###...##### .
.# ###.#...........
#.#.##########
#.#.# #.#@# #+#O#
..# ..## ... ....
..... #.....


You could see an ogre.

Vanquished Creatures
  Edmund (D:3)
  A scorpion (D:4)
  A crimson imp (D:4)
  A hound (D:4)
  2 worker ants (D:4)
  3 gnolls (D:4)
  9 adders
  An ooze (D:4)
  A worm (D:4)
  2 dart slugs (D:1)
  4 leopard geckos
  7 orcs
  8 bats
  6 giant cockroaches
  7 hobgoblins
  9 jackals
  9 kobolds
  A ball python (D:1)
  9 frilled lizards
  6 goblins
  A jackal skeleton (D:4)
  A quokka skeleton (D:4)
  10 rats
100 creatures vanquished.

Notes
Turn   | Place    | Note
-------+----------+-------------------------------------------
     0 | D:1      | Shenanicrawl the Merfolk Ice Elementalist began the quest for the Orb.
     0 | D:1      | Reached XP level 1. HP: 13/13 MP: 3/3
   123 | D:1      | Reached XP level 2. HP: 12/20 MP: 1/5
   127 | D:1      | Learned a level 2 spell: Throw Frost
   183 | D:1      | Reached skill level 1 in Fighting
   590 | D:1      | Reached XP level 3. HP: 23/26 MP: 1/6
  1138 | D:2      | Found a radiant altar of Vehumet.
  1179 | D:2      | Reached XP level 4. HP: 19/33 MP: 4/7
  1216 | D:2      | Found a hide-covered altar of Uskayaw.
  2026 | D:3      | Reached XP level 5. HP: 29/39 MP: 0/8
  2525 | D:3      | Found a stormy altar of Qazlal.
  2771 | D:4      | Noticed Edmund
  2803 | D:3      | Killed Edmund
  2803 | D:3      | Reached XP level 6. HP: 28/47 MP: 3/10
  2968 | D:4      | Noticed xccam's ghost (novice MiMo)
  3104 | D:4      | Noticed a phantom
  4132 | D:4      | Reached XP level 7. HP: 51/54 MP: 7/11
  4643 | D:5      | Entered Level 5 of the Dungeon
  4904 | D:5      | Found a staircase to the Ecumenical Temple.
  4956 | Temple   | Entered the Ecumenical Temple
  5137 | Temple   | Became a worshipper of Makhleb the Destroyer
  5190 | D:5      | Noticed appiemonkey's ghost (novice SpVM)
  5231 | D:5      | Mangled by an ogre

Skill      XL: |  1  2  3  4  5  6 |
---------------+-------------------+-----
Fighting       | 1 2 3 4 |  4.4
Dodging        | 3 4 |  4.6
Stealth        | 3 4 |  4.3
Ice Magic      | 4 |  4.5
Spellcasting   | 3 |  3.2
Conjurations   | |  0.7

Action                   |  1- 3 |  4- 6 |  7- 9 || total
-------------------------+-------+-------+-------++-------
Melee: Unarmed           |     8 |       |       ||     8
       Short sword       |   105 |   133 |       ||   238
       Flail             |       |    61 |    32 ||    93
 Cast: Freeze            |    19 |    55 |    21 ||    95
       Throw Frost       |     1 |    12 |       ||    13
Evoke: Wand              |       |     3 |       ||     3
  Use: Scroll            |       |     1 |     1 ||     2
       Potion            |       |       |     3 ||     3
 Stab: Sleeping          |     4 |     4 |     1 ||     9
       Distracted        |       |     1 |       ||     1
  Eat: Chunk             |     1 |     7 |     1 ||     9
       Ration            |       |     2 |       ||     2
Armor: Robe              |    22 |    47 |     7 ||    76
Dodge: Dodged            |    87 |   247 |    32 ||   366
